[Event "Early-Titled-Tuesday-Blitz-March-19-2024"]
[Site "Chess.com"]
[Date "2024.03.19"]
[Round "6"]
[White "awesomevishesh"]
[Black "Aleksandar-Topalov"]
[Result "1-0"]
[WhiteElo "2604"]
[BlackElo "2272"]
[TimeControl "180+1"]
[EndTime "9:06:49 PDT"]
[Termination "awesomevishesh won by resignation"]

1. d4 Nf6 2. Nf3 g6 3. g3 Bg7 4. Bg2 O-O 5. O-O d6 6. c4 Nbd7 7. Nc3 e5 8. e4 exd4 9. Nxd4 Re8 10. h3 Nc5 11. Re1 a5 12. Ndb5 Be6 13. Bf1 Bd7 14.
Qc2 Bc6 15. Bg2 Nfd7 16. Be3 Nb6 17. Rad1 Qe7 18. Bxc5 dxc5 19. b3 a4 20. Kh2 axb3 21.
axb3 h5 22. Nd5 Bxd5 23. exd5 Qxe1 24. Rxe1 Rxe1 25. Nxc7 Rd8 26. Qd2 Re7 27. Nb5 h4 28. Qg5 hxg3+ 29. fxg3 Rdd7 30. h4 Be5 31. h5 Kg7 32.
Bh3 Nxd5 33. Bxd7 Rxd7 34. Qxe5+ 1-0

[Event "Early-Titled-Tuesday-Blitz-March-19-2024"]
[Site "Chess.com"]
[Date "2024.03.19"]
[Round "6"]
[White "Revan_2002"]
[Black "jocmil"]
[Result "0-1"]
[WhiteElo "2577"]
[BlackElo "2770"]
[TimeControl "180+1"]
[EndTime "9:06:50 PDT"]
[Termination "jocmil won by resignation"]

1. d4 Nf6 2. c4 g6 3. Nc3 Bg7 4. e4 O-O 5. Bd3 Nc6 6. Nge2 e5 7. d5 Nd4 8. O-O c5 9. dxc6 dxc6 10. Nxd4 exd4 11.
Ne2 Re8 12. Ng3 Ng4 13. Bf4 Qh4 14. h3 Ne5 15. Bxe5 Bxe5 16. Ne2 g5 17. Qe1 Qh6 18.
f4 gxf4 19. Qf2 Kh8 20. Nxf4 Rg8 21. Kh1 Bd7 22. c5 Rg7 23. Be2 Rag8 24. Nh5 Rxg2 25. Qxg2 Rxg2 26. Kxg2 Qg5+ 27. Kh1 Bxh3 28. Rf2 Qh4 29. Kg1 d3 30. Bf3 Bd4 31. Kh1 Qxf2 0-1

[Event "Early-Titled-Tuesday-Blitz-March-19-2024"]
[Site "Chess.com"]
[Date "2024.03.19"]
[Round "6"]
[White "Danny_Billiards"]
[Black "DrCeltic"]
[Result "1/2-1/2"]
[WhiteElo "2758"]
[BlackElo "2580"]
[TimeControl "180+1"]
[EndTime "9:06:50 PDT"]
[Termination "Game drawn by repetition"]

1. d4 Nf6 2. Nc3 d5 3. Bf4 e6 4. Nb5 Bd6 5. Nxd6+ cxd6 6. e3 Nc6 7. Nf3 O-O 8. h3 Re8 9. c3 e5 10. Bh2 e4 11.
Nd2 Bf5 12. Be2 Qd7 13. g4 Bg6 14. g5 Qxh3 15. Bf1 Qe6 16. gxf6 Qxf6 17. Qb3 Ne7 18. Bh3 Bh5 19. Bg3 Nf5 20. Qxd5 Nxg3 21. fxg3 Bf3 22.
Rh2 Qh6 23. Kf2 Re6 24. Kg1 Qxe3+ 25. Rf2 Rh6 26. Nxf3 Rxh3 27. Ne1 Qxg3+ 28. Rg2 Qe3+ 29. Rf2 Qg3+ 30. Rg2 Qe3+ 31. Rf2 Qg3+ 1/2-1/2

[Event "Early-Titled-Tuesday-Blitz-March-19-2024"]
[Site "Chess.com"]
[Date "2024.03.19"]
[Round "6"]
[White "mertfelin"]
[Black "axvesik"]
[Result "0-1"]
[WhiteElo "2377"]
[BlackElo "2569"]
[TimeControl "180+1"]
[EndTime "9:06:52 PDT"]
[Termination "axvesik won by resignation"]

1. e4 e6 2. d4 d5 3. Nc3 Bb4 4. e5 c5 5. a3 Bxc3+ 6. bxc3 Ne7 7. Qg4 cxd4 8. Bd3 Qa5 9. Rb1 O-O 10. Nf3 Ng6 11. O-O dxc3 12. h4 Nc6 13. Re1 Qc7 14. Qh5 Nce7 15. a4 f5 16. Ba3 Bd7 17. Bb5 Bxb5 18.
axb5 h6 19. Nd4 Qd7 20. g3 Rac8 21. Qf3 Rc4 22. h5 Nh8 23. Ne2 Nf7 24. Nf4 Ng5 25.
Qg2 Rfc8 26. Rbd1 Ra4 27. Bc1 Qxb5 28. Nd3 Ne4 29. f3 Nc5 30. Nf4 Ra2 31. Be3 b6 32. Kh2 Qd7 33. g4 fxg4 34. Qxg4 Nf5 35. Bf2 Rxc2 36.
Kg1 Rf8 37. Ng6 Rf7 38. Rb1 Rb2 39. Rec1 d4 40. Rxb2 cxb2 41. Rb1 d3 42. f4 d2 43. Qd1 Na4 44. Qc2 Nc3 45. Qxc3 d1=Q+ 46. Rxd1 Qxd1+ 47. Kh2 Qxh5+ 48. Kg1 Qxg6+ 49. Kf1 b1=Q+ 0-1

[Event "Early-Titled-Tuesday-Blitz-March-19-2024"]
[Site "Chess.com"]
[Date "2024.03.19"]
[Round "6"]
[White "KnightmareJoker"]
[Black "ninguno46"]
[Result "0-1"]
[WhiteElo "2302"]
[BlackElo "2540"]
[TimeControl "180+1"]
[EndTime "9:06:52 PDT"]
[Termination "ninguno46 won by resignation"]

1. e4 c5 2. Nf3 Nc6 3. d4 cxd4 4. Nxd4 g6 5. Be2 Bg7 6. Nb3 d6 7. Nc3 Nf6 8. O-O O-O 9. Re1 a5 10. a4 Be6 11. Bf1 Nb4 12. Nd4 Bg4 13. f3 Bd7 14.
Bg5 Rc8 15. Kh1 Nh5 16. Rc1 Re8 17. Ndb5 Rc5 18. Nxd6 Rxg5 19. Nxe8 Qxe8 20. Nd5 e6 21. Nxb4 axb4 22. b3 Bc3 23. Re3 Rc5 24. Rd3 Nf6 25. Qe2 e5 26. Rcd1 Kg7 27. Rd6 Qe7 28. Qd3 Be6 29. Rd8 Rc7 30. Rd6 Bd4 31. Rxd4 exd4 32. Qxd4 Rxc2 33. e5 Nd5 34. Bc4 Nc3 35. Bxe6 Qxe6 36.
Re1 h5 37. f4 h4 38. h3 Nd5 39. Rf1 Ne7 40. Qe4 Rc3 41. f5 Nxf5 42. Rf3 Ng3+ 43. Rxg3 hxg3 44. Qe1 Qc6 45. e6 Rc1 0-1

[Event "Early-Titled-Tuesday-Blitz-March-19-2024"]
[Site "Chess.com"]
[Date "2024.03.19"]
[Round "6"]
[White "maximnovik"]
[Black "cthulhuuu"]
[Result "0-1"]
[WhiteElo "2606"]
[BlackElo "2392"]
[TimeControl "180+1"]
[EndTime "9:06:53 PDT"]
[Termination "cthulhuuu won on time"]

1. e4 d6 2. d4 Nf6 3. Bd3 e5 4. c3 Be7 5. Nf3 Nbd7 6. O-O O-O 7. Re1 c6 8. a4 b6 9. Na3 Bb7 10. h3 Re8 11. Nc2 a6 12. b4 b5 13. Be3 Bf8 14.
Nd2 d5 15. f3 exd4 16. cxd4 dxe4 17. fxe4 Qc7 18. Qf3 Rad8 19. Rf1 c5 20. Bf4 Bd6 21. Bxd6 Qxd6 22. axb5 axb5 23. Bxb5 cxd4 24. Nc4 Qe7 25. Nxd4 Bxe4 26. Qg3 Qxb4 27. Rab1 Qc5 28. Qf2 Bxb1 29. Rxb1 Ne4 30. Qe3 Nd6 31. Qc3 Re4 32. Rd1 Nxb5 0-1

[Event "Early-Titled-Tuesday-Blitz-March-19-2024"]
[Site "Chess.com"]
[Date "2024.03.19"]
[Round "6"]
[White "JERO-8914"]
[Black "jk13"]
[Result "0-1"]
[WhiteElo "2450"]
[BlackElo "2678"]
[TimeControl "180+1"]
[EndTime "9:06:53 PDT"]
[Termination "jk13 won by checkmate"]

1. c4 e6 2. Nc3 Nf6 3. e4 e5 4.
Nf3 Nc6 5. d4 exd4 6. Nxd4 Bb4 7. Nxc6 bxc6 8. Bd3 O-O 9. O-O Re8 10. Qf3 Bxc3 11.
bxc3 d6 12. h3 Nd7 13. Qe2 Ba6 14. Bf4 Nc5 15. Bc2 d5 16. Qh5 Nxe4 17. Rfe1 Bxc4 18. Rad1 Qf6 19. Bxe4 dxe4 20. Bxc7 Bxa2 21. Re3 Bd5 22. Rd4 Rac8 23. Bg3 Qg6 24. Qh4 f5 25. Qf4 Bf7 26. Rd6 Re6 27. Rd7 a5 28. Ra7 Qf6 29. Bh4 Qh6 30. Bg5 Qg6 31. Rxa5 h6 32. Bh4 Rf8 33.
Rxf5 Ree8 34. Rxe4 Bd5 35. Rxe8 Qxg2# 0-1

[Event "Early-Titled-Tuesday-Blitz-March-19-2024"]
[Site "Chess.com"]
[Date "2024.03.19"]
[Round "6"]
[White "picturesquecheck"]
[Black "Navyblue1"]
[Result "1-0"]
[WhiteElo "2434"]
[BlackElo "2223"]
[TimeControl "180+1"]
[EndTime "9:06:53 PDT"]
[Termination "picturesquecheck won on time"]

1. e4 c5 2. Nf3 d6 3. d4 cxd4 4.
Nxd4 Nf6 5. Nc3 a6 6. Be3 e5 7. Nb3 Be6 8. f3 h5 9. Qd2 Be7 10. Nd5 Bxd5 11. exd5 Nbd7 12. c4 Rc8 13. Be2 O-O 14.
O-O e4 15. f4 Ng4 16. Bxg4 hxg4 17. Na5 Qc7 18. b4 Bf6 19. Rac1 Rfe8 20. Qe2 Nb8 21.
Qxg4 b6 22. Nb3 Nd7 23. Rc2 Qb7 24. Qe2 Bd8 25. Rfc1 Nf6 26. Bd4 b5 27. Bxf6 Bxf6 28. cxb5 axb5 29. Rxc8 Rxc8 30. Rxc8+ Qxc8 31. g4 Qb7 32.
Qxe4 Qb6+ 33. Kg2 Bc3 34. a3 g6 35. Na5 Qd4 36. Qxd4 Bxd4 37. Nb7 Be3 38. Kf3 Bc1 39. Nxd6 Bxa3 40. Nxb5 Bxb4 41. Nd4 Kf8 42. Nc6 Bd6 43. Ke4 Ke8 44. h3 Kd7 45. f5 g5 46. Ne5+ Ke7 47. Nc4 Bc5 48. Nd2 f6 49. Nf3 Bf2 50. Nd2 Kd6 51.
Nc4+ Kd7 52. Na5 Kd6 53. Nc6 Bc5 54. Nd8 Bf2 55. Ne6 Be1 56. Ng7 1-0

[Event "Early-Titled-Tuesday-Blitz-March-19-2024"]
[Site "Chess.com"]
[Date "2024.03.19"]
[Round "6"]
[White "Boorchess"]
[Black "Boxerandchessplayer"]
[Result "1-0"]
[WhiteElo "2550"]
[BlackElo "2210"]
[TimeControl "180+1"]
[EndTime "9:06:55 PDT"]
[Termination "Boorchess won by resignation"]

1. d4 d5 2. c4 e6 3. Nf3 c6 4.
Qc2 Nf6 5. g3 dxc4 6. Qxc4 b5 7.
Qc2 Bb7 8. Bg2 Nbd7 9. O-O c5 10. dxc5 Bxc5 11. Nc3 Qb6 12. a4 b4 13. a5 Qa6 14.
Na4 Be7 15. Be3 O-O 16. Rfd1 Rfc8 17. Qd2 h6 18. Nd4 Bxg2 19. Kxg2 Nd5 20. Nb3 Nxe3+ 21. Qxe3 Bf6 22. Qd3 Qxd3 23. Rxd3 Ne5 24. Rd4 Nc6 25. Rc4 Rab8 26. Rac1 Ne7 27. e4 Kf8 28. f4 e5 29. f5 Bg5 30. R1c2 h5 31. Kf3 Ke8 32. h3 g6 33. g4 gxf5 34. exf5 Rxc4 35. Rxc4 Nd5 36.
gxh5 Nf6 37. Nac5 Nxh5 38. Kg4 f6 39. Kxh5 Ke7 40. Kg4 Rh8 41. Ne4 Rh4+ 42. Kg3 Rf4 43. Rc7+ Kd8 44. Nxg5 Rxf5 45. Ne6+ Ke8 46. Rxa7 Rf1 47.
Nec5 Rg1+ 48. Kf2 Rb1 49. a6 Rxb2+ 50. Kf3 f5 51. Ra8+ Ke7 52. a7 e4+ 53. Ke3 Rh2 54.
Rh8 f4+ 1-0

[Event "Early-Titled-Tuesday-Blitz-March-19-2024"]
[Site "Chess.com"]
[Date "2024.03.19"]
[Round "6"]
[White "PepeCuenca"]
[Black "MetiForce"]
[Result "0-1"]
[WhiteElo "2728"]
[BlackElo "2922"]
[TimeControl "180+1"]
[EndTime "9:06:56 PDT"]
[Termination "MetiForce won on time"]

1. d4 Nf6 2. Bf4 d6 3. Nc3 g6 4.
e4 a6 5. e5 Nfd7 6. e6 fxe6 7.
h4 Nf6 8. Be2 Nc6 9. h5 Nxh5 10.
Bxh5 gxh5 11. Qxh5+ Kd7 12. O-O-O Qe8 13. Qh4 Qg6 14. Nf3 Bg7 15. Kb1 Nb4 16. Rd2 b5 17.
Rh3 Bf6 18. Bg5 Bb7 19. Ne5+ Bxe5 20. dxe5 Nd5 21. Nxd5 Bxd5 22. Bxe7 Qxg2 23. b3 Qf1+ 24. Kb2 Qe1 25. Bg5 Qxe5+ 26. Kb1 Qf5 27. Be3 Rag8 28. Kb2 Rg4 29. Qh6 Kc6 30. Rh5 Qg6 31. Qxg6 Rxg6 32.
Rd4 Bf3 33. Rh2 e5 34. Rdh4 h5 35. R2h3 Bg4 36. Rg3 Bf5 37. Rf3 Be6 38. Rg3 Rg4 39. Rgxg4 Bxg4 40. Kc3 d5 41. Kd2 d4 42. Bg5 Rf8 43.
Ke1 Kd5 44. Rh2 c5 45. Bd2 c4 46. Rh4 c3 47. Bc1 Rf3 48. Rh2 Rh3 49. Rxh3 Bxh3 50. Bg5 Bf5 51. Kd1 Ke4 52. Ke2 Bg4+ 53. Ke1 Kf3 54. Bh4 Bf5 55. Bf6 Kf4 56. Kd1 Be4 57. a3 Bf3+ 58. Ke1 Kf5 59. Bh4 e4 0-1

[Event "Early-Titled-Tuesday-Blitz-March-19-2024"]
[Site "Chess.com"]
[Date "2024.03.19"]
[Round "6"]
[White "Sanan_Sjugirov"]
[Black "Aswathchess"]
[Result "1-0"]
[WhiteElo "3010"]
[BlackElo "2625"]
[TimeControl "180+1"]
[EndTime "9:06:56 PDT"]
[Termination "Sanan_Sjugirov won by resignation"]

1. e4 c5 2. Nf3 d6 3. d4 cxd4 4. Nxd4 Nf6 5. Nc3 a6 6. Be3 e5 7. Nf3 Be7 8. Bc4 Be6 9. Bb3 O-O 10. O-O Nc6 11. Qe2 Rc8 12. Rfd1 Na5 13. Nxe5 Nxb3 14.
axb3 Qc7 15. Nf3 Bg4 16. h3 Bh5 17. Bd4 Rfe8 18. Rd2 Qc6 19. Re1 b5 20. g4 Bg6 21.
e5 Bd8 22. Qd1 dxe5 23. Nxe5 Qb7 24. Nxg6 Rxe1+ 25. Qxe1 hxg6 26. Bxf6 Bxf6 27. Nd5 Bg5 28.
Qe4 Qc6 29. Re2 Kh8 30. Kg2 Rd8 31. c4 bxc4 32. bxc4 Qc5 33. b3 Qd6 34. Qf3 Bf6 35. h4 Rd7 36. g5 Be5 37. Qe3 Ba1 38. Qe8+ Kh7 39. Ne7 Rxe7 40. Qxe7 Qd3 41. Qe3 Qf5 42. Qf3 Qd7 43. h5 Bd4 44. hxg6+ fxg6 45. Qh3+ Qxh3+ 46. Kxh3 1-0

[Event "Early-Titled-Tuesday-Blitz-March-19-2024"]
[Site "Chess.com"]
[Date "2024.03.19"]
[Round "6"]
[White "malakismayil"]
[Black "GothamChess"]
[Result "1-0"]
[WhiteElo "2534"]
[BlackElo "2690"]
[TimeControl "180+1"]
[EndTime "9:06:56 PDT"]
[Termination "malakismayil won by resignation"]

1. e4 d5 2. exd5 Qxd5 3. Nc3 Qa5 4. Bc4 Nf6 5. Nf3 Bf5 6. d3 e6 7. Bd2 c6 8. Qe2 Qc7 9. h3 b5 10. Bb3 Be7 11. Nd4 Bg6 12. O-O O-O 13. Bxe6 fxe6 14. Nxe6 Qd7 15. Nxf8 Bxf8 16. Bg5 Qf5 17. Bxf6 Qxf6 18.
Ne4 Qxb2 19. f4 Nd7 20. f5 Bf7 21. f6 Nxf6 22. Nxf6+ gxf6 23. Rae1 Qd4+ 24. Kh1 Re8 25. Qf3 Rxe1 26. Rxe1 Qh4 27. Re4 Qh6 28. Rg4+ Kh8 29. Qxc6 Qc1+ 30. Kh2 Qb2 31. d4 Bg7 32. Qa8+ Bg8 33.
Qxa7 Bh6 34. Qe7 Bg5 35. Rxg5 1-0

[Event "Early-Titled-Tuesday-Blitz-March-19-2024"]
[Site "Chess.com"]
[Date "2024.03.19"]
[Round "6"]
[White "stepanosinovsky"]
[Black "willcab71"]
[Result "0-1"]
[WhiteElo "2345"]
[BlackElo "2132"]
[TimeControl "180+1"]
[EndTime "9:06:56 PDT"]
[Termination "willcab71 won on time"]

1. e4 e6 2. d4 d5 3. e5 c5 4. c3 Qd7 5. Nf3 b6 6. h4 Ba6 7.
Bxa6 Nxa6 8. h5 h6 9. a3 Ne7 10. b4 cxb4 11. axb4 Nc7 12. O-O Nc6 13. Qe2 Be7 14. Nbd2 O-O 15. Nb3 a5 16. bxa5 Nxa5 17. Nbd2 Qc6 18. Ba3 Bxa3 19. Rxa3 Nb5 20. Raa1 Nxc3 21. Qd3 Ne4 22. Rfc1 Qb7 23. Rab1 Rfc8 24.
Rxc8+ Rxc8 25. Qa3 Nc4 26. Nxc4 dxc4 27. Qb4 c3 28.
Ne1 Qa6 29. Rc1 Qe2 30. f3 Qf2+ 31. Kh2 Nd2 0-1

[Event "Early-Titled-Tuesday-Blitz-March-19-2024"]
[Site "Chess.com"]
[Date "2024.03.19"]
[Round "6"]
[White "mary-sanna"]
[Black "Cambek64"]
[Result "1-0"]
[WhiteElo "2205"]
[BlackElo "2487"]
[TimeControl "180+1"]
[EndTime "9:06:56 PDT"]
[Termination "mary-sanna won by checkmate"]

1. d4 c5 2. d5 e5 3. Nc3 d6 4. e4 Be7 5. a4 Nf6 6. h3 O-O 7. Nf3 Ne8 8. Bd3 g6 9. Bh6 Ng7 10. g4 f6 11. Qd2 Rf7 12. Ne2 Na6 13.
Ng3 Nc7 14. g5 f5 15. Bxg7 Kxg7 16. h4 f4 17. Nf1 Bg4 18. N1h2 Bh5 19. O-O-O Qd7 20.
Rdg1 Qxa4 21. Kb1 c4 22. Be2 b5 23. Ng4 Ne8 24. Nh6 Rf8 25. Ne1 Bxe2 26. Qxe2 Rc8 27. h5 b4 28. hxg6 b3 29. Nf5+ Rxf5 30. Rxh7+ Kg8 31. Qh5 Bf6 32. exf5 Qa2+ 33. Kc1 Bg7 34. Rh8+ Bxh8 35. Qh7+ Kf8 36. Qf7# 1-0

[Event "Early-Titled-Tuesday-Blitz-March-19-2024"]
[Site "Chess.com"]
[Date "2024.03.19"]
[Round "6"]
[White "vladgoncharov"]
[Black "leandrojimenez"]
[Result "1-0"]
[WhiteElo "2614"]
[BlackElo "2403"]
[TimeControl "180+1"]
[EndTime "9:07:00 PDT"]
[Termination "vladgoncharov won on time"]

1. d4 Nf6 2. c4 e5 3. dxe5 Ng4 4. Nf3 Bc5 5. e3 Nc6 6. Bd3 Ngxe5 7.
O-O O-O 8. Nxe5 Nxe5 9. Bxh7+ Kxh7 10. Qh5+ Kg8 11. Qxe5 d6 12. Qd5 Rb8 13. Nc3 Be6 14. Qd3 Qh4 15. b3 f6 16. Bb2 Kf7 17. h3 Rh8 18.
Rfd1 Rh5 19. Qe4 Qg5 20. Kf1 Rh4 21. Qf3 Qe5 22. Na4 Qg5 23. Nxc5 Qxc5 24. Rd4 Rh5 25.
Rad1 Rbh8 26. Qxb7 a5 27. Bc3 a4 28. Bb4 Qf5 29. Qxc7+ Kg6 30. Qxd6 Rxh3 31. gxh3 Qxh3+ 32. Ke1 Qh1+ 33. Kd2 Qf3 34. Qg3+ Qxg3 35. fxg3 Rh2+ 36.
Ke1 axb3 37. axb3 Rb2 38. R4d3 Bf5 39. c5 Rc2 40. Rc3 Rg2 41. c6 Bg4 42. Rd2 Rg1+ 43. Kf2 1-0

[Event "Early-Titled-Tuesday-Blitz-March-19-2024"]
[Site "Chess.com"]
[Date "2024.03.19"]
[Round "6"]
[White "Kostukov_Alex"]
[Black "shirovin"]
[Result "1/2-1/2"]
[WhiteElo "2240"]
[BlackElo "2044"]
[TimeControl "180+1"]
[EndTime "9:07:00 PDT"]
[Termination "Game drawn by repetition"]

1. g3 d6 2. Bg2 e5 3. c4 f5 4. d4 e4 5. d5 Nf6 6. b3 Be7 7.
Bb2 O-O 8. Nh3 Qe8 9. O-O Qh5 10. Nf4 Qh6 11. h4 Ng4 12. Qc1 g5 13. Nh3 gxh4 14. Qxh6 Nxh6 15. f3 hxg3 16. fxe4 fxe4 17. Rxf8+ Bxf8 18. Nd2 e3 19. Nf1 Ng4 20. Nxg3 Na6 21. Rf1 Bd7 22. Nf5 Re8 23. Rf4 Ne5 24. Ng5 Bxf5 25. Rxf5 Ng6 26. Ne6 Bh6 27. Be4 Nc5 28. Nxc5 dxc5 29.
Bg2 Nf4 30. Bf3 Nh3+ 31. Kh2 Ng5 32. Kg3 Ne4+ 33. Kg4 Nd2 34. Kh5 Nxf3 35. Rxf3 Bf8 36. Rg3+ Kf7 37. Rf3+ Kg8 38. Rg3+ Kf7 39. Rf3+ Kg8 1/2-1/2

[Event "Early-Titled-Tuesday-Blitz-March-19-2024"]
[Site "Chess.com"]
[Date "2024.03.19"]
[Round "6"]
[White "Nuvas"]
[Black "Shahdad2007"]
[Result "0-1"]
[WhiteElo "2807"]
[BlackElo "2609"]
[TimeControl "180+1"]
[EndTime "9:07:02 PDT"]
[Termination "Shahdad2007 won on time"]

1. d4 Nf6 2. c4 g6 3. Nc3 d5 4. Nf3 Bg7 5. Bg5 Ne4 6. Bf4 Nxc3 7. bxc3 dxc4 8. e3 b5 9. a4 c6 10. Qb1 Qb6 11. axb5 cxb5 12. Bxc4 Bd7 13. Bd5 Nc6 14.
c4 b4 15. O-O O-O 16. c5 Qb5 17. Rc1 a5 18. Bc4 Qb7 19. d5 Nd8 20. c6 Nxc6 21. dxc6 Bxc6 22. Qa2 a4 23. Rab1 b3 24. Qe2 b2 25. Rd1 a3 26. Ba2 Rfd8 27. Rxd8+ Rxd8 28. Rd1 Rc8 29. Ne5 Bxe5 30. Bxe5 Be4 31. f3 Bc2 32. Rd2 b1=Q+ 33. Bxb1 Qxb1+ 34. Kf2 a2 35. Qc4 Qb8 36. Qxc2 Rxc2 0-1

[Event "Early-Titled-Tuesday-Blitz-March-19-2024"]
[Site "Chess.com"]
[Date "2024.03.19"]
[Round "6"]
[White "Josgar05"]
[Black "NovozhilovSemen"]
[Result "1-0"]
[WhiteElo "2383"]
[BlackElo "2618"]
[TimeControl "180+1"]
[EndTime "9:07:02 PDT"]
[Termination "Josgar05 won by resignation"]

1. Nf3 Nf6 2. b3 g6 3. Bb2 Bg7 4. e3 O-O 5. Be2 c5 6. d4 b6 7. O-O Bb7 8. c4 cxd4 9. exd4 d5 10. Nbd2 Nc6 11. Rc1 Rc8 12. Re1 Na5 13. Ne5 dxc4 14. bxc4 Nd7 15. Nef3 Nb8 16. h4 Nbc6 17. Nb3 Nxb3 18.
axb3 Qd6 19. Qd2 Rfd8 20. d5 Na5 21. Bxg7 Kxg7 22. h5 Qf6 23. h6+ Kg8 24. Qe3 Ba8 25. Bf1 Re8 26. Nd4 Nb7 27. Nc6 e6 28. Nxa7 Rb8 29. Nc6 Rbc8 30. Qxb6 Nd6 31. Na7 Rcd8 32. c5 Nf5 33. dxe6 Bd5 34. exf7+ Qxf7 35. c6 Rb8 36. Qc5 Rxe1 37. Rxe1 1-0

[Event "Early-Titled-Tuesday-Blitz-March-19-2024"]
[Site "Chess.com"]
[Date "2024.03.19"]
[Round "6"]
[White "TregubovP"]
[Black "Casper"]
[Result "0-1"]
[WhiteElo "2667"]
[BlackElo "2504"]
[TimeControl "180+1"]
[EndTime "9:07:02 PDT"]
[Termination "Casper won on time"]

1. e4 c6 2. Nf3 d5 3. Nc3 dxe4 4. Nxe4 Nd7 5. Bc4 Ngf6 6. Neg5 e6 7. Qe2 Nb6 8. Bb3 h6 9. Ne4 Nbd5 10. d4 Be7 11.
O-O O-O 12. c4 Nxe4 13. Qxe4 Nf6 14. Qe2 b6 15. Rd1 Bb7 16. c5 bxc5 17. dxc5 Qa5 18.
Ne5 Bxc5 19. Bf4 Rad8 20. Rac1 Bd4 21. Nc4 Qf5 22. Bd6 c5 23. Bxf8 Kxf8 24. Ne3 Qg5 25. Re1 Nh5 26. Qf1 Nf4 27. g3 Bxe3 28. Rxe3 Rd2 29. h4 Qg4 30. Bd1 Qh3 0-1

[Event "Early-Titled-Tuesday-Blitz-March-19-2024"]
[Site "Chess.com"]
[Date "2024.03.19"]
[Round "6"]
[White "MikeSailer"]
[Black "Tol_Tol"]
[Result "1-0"]
[WhiteElo "2135"]
[BlackElo "2321"]
[TimeControl "180+1"]
[EndTime "9:07:02 PDT"]
[Termination "MikeSailer won on time"]

1. d4 Nf6 2. Nf3 g6 3. Bf4 Bg7 4. e3 O-O 5. Be2 d6 6. O-O b6 7. h3 c5 8. c4 Bf5 9. Nc3 Ne4 10.
a4 Nxc3 11. bxc3 Nc6 12. Nd2 Rc8 13. Nb3 e5 14. Bg3 Re8 15. Bf3 e4 16. Bg4 Bxg4 17. hxg4 cxd4 18. cxd4 d5 19. c5 Nb4 20. a5 bxc5 21.
Nxc5 Rxc5 22. dxc5 Bxa1 23. Qxa1 Nd3 24. Bd6 Qd7 25.
g5 Qc6 26. Qd4 Rd8 27. f3 Rd7 28. fxe4 dxe4 29. Rb1 Rb7 30. Rxb7 Qxb7 31. Qf6 Qc8 32. c6 Qe8 33. c7 1-0

[Event "Early-Titled-Tuesday-Blitz-March-19-2024"]
[Site "Chess.com"]
[Date "2024.03.19"]
[Round "6"]
[White "Ginger_GM"]
[Black "KNVB"]
[Result "0-1"]
[WhiteElo "2590"]
[BlackElo "2818"]
[TimeControl "180+1"]
[EndTime "9:07:03 PDT"]
[Termination "KNVB won on time"]

1. c4 c5 2. Nc3 b6 3. e4 Bb7 4. Nf3 e6 5. Bd3 a6 6. O-O Nc6 7. Bc2 Qc7 8. d4 cxd4 9. Nxd4 Nf6 10. Be3 Ne5 11. Bf4 d6 12. Ba4+ Nfd7 13. Rc1 Rc8 14. Qh5 g6 15. Qh3 Qd8 16. Bxe5 dxe5 17. Nxe6 fxe6 18. Qxe6+ Be7 19. Rfd1 Rc7 20. Nd5 Bxd5 21.
Rxd5 b5 22. Bb3 Qc8 23. c5 Rf8 24. c6 Nf6 25. Qxe5 Nxd5 26. exd5 Qd8 27. Re1 Rf7 28. d6 Rxc6 29. Bxf7+ Kxf7 30. dxe7 Qe8 31. Qc5 Rxc5 0-1

[Event "Early-Titled-Tuesday-Blitz-March-19-2024"]
[Site "Chess.com"]
[Date "2024.03.19"]
[Round "6"]
[White "AA95"]
[Black "cristiano78"]
[Result "1-0"]
[WhiteElo "2465"]
[BlackElo "2238"]
[TimeControl "180+1"]
[EndTime "9:07:03 PDT"]
[Termination "AA95 won by resignation"]

1. Nf3 Nf6 2. g3 g6 3. Bg2 Bg7 4. O-O O-O 5. d4 d5 6. c3 Ne4 7. Bf4 Nd7 8. Nbd2 Ndf6 9. Ne5 Nxd2 10. Qxd2 c6 11. Rae1 Ng4 12. Nxg4 Bxg4 13. f3 Be6 14. e4 dxe4 15. fxe4 Bxa2 16. Bh6 Bc4 17. Rf2 Qd7 18. Qg5 a5 19. Qh4 a4 20. Bh3 Be6 21. Bg2 a3 22. Bxg7 Kxg7 23. d5 cxd5 24. exd5 Bf5 25. bxa3 Rxa3 26.
Qxe7 Qxe7 27. Rxe7 Rxc3 28. Rxb7 Rd3 29. Ra2 h5 30. Kf2 Rc8 31. Bf3 Rd4 32. h4 Be4 33.
Raa7 Rf8 34. Ke3 Bxf3 35. Kxd4 Bg4 36. Kc5 Kf6 37. Rb6+ Kf5 38. Re7 Bf3 39. Rb4 g5 40.
hxg5 Kxg5 41. Rf4 Bg4 42. Rexf7 Rc8+ 43. Kd4 Ra8 44. d6 h4 45. gxh4+ Kxh4 46. Rg7 Kh5 47. Rgxg4 Ra4+ 48. Kc5 Ra1 49. Kb6 Rb1+ 50. Kc7 Rc1+ 51. Kd7 Re1 52. Rg8 Kh6 53. Rf2 1-0

[Event "Early-Titled-Tuesday-Blitz-March-19-2024"]
[Site "Chess.com"]
[Date "2024.03.19"]
[Round "6"]
[White "Alexei_Gubajdullin"]
[Black "Manukyan_Artak"]
[Result "0-1"]
[WhiteElo "2650"]
[BlackElo "2478"]
[TimeControl "180+1"]
[EndTime "9:07:04 PDT"]
[Termination "Manukyan_Artak won on time"]

1. Nf3 g6 2. g3 Bg7 3. Bg2 e5 4. O-O e4 5. Ne1 d5 6. d3 f5 7. Nd2 Nf6 8. c4 c6 9. cxd5 cxd5 10. dxe4 dxe4 11. Qb3 Qd5 12. Nc2 Be6 13. Qxd5 Bxd5 14. Ne3 Bc6 15. f3 exf3 16. exf3 Nbd7 17. Nec4 O-O 18.
Na5 Bd5 19. f4 b6 20. Nc6 Bxg2 21. Kxg2 Rfe8 22. Nf3 Rac8 23. Nxa7 Rc2+ 24. Rf2 Ree2 25. Rxe2 Rxe2+ 26. Kf1 Rc2 27. Ne5 Nxe5 28. fxe5 Ng4 29. h3 Nxe5 30. Bf4 Nf3 31. Rd1 Bd4 32. Rxd4 Nxd4 33.
Be3 Nf3 34. a3 Rxb2 35. Nc6 Kf7 36. Nb4 b5 37. Nd5 Ne5 38. Bc5 Nc4 39. Bb4 g5 40. Nc7 f4 41. gxf4 gxf4 42. Bc5 Ne3+ 0-1

[Event "Early-Titled-Tuesday-Blitz-March-19-2024"]
[Site "Chess.com"]
[Date "2024.03.19"]
[Round "6"]
[White "Jospem"]
[Black "Hikaru"]
[Result "1/2-1/2"]
[WhiteElo "3068"]
[BlackElo "3279"]
[TimeControl "180+1"]
[EndTime "9:07:05 PDT"]
[Termination "Game drawn by repetition"]

1. e4 e5 2. Nf3 Nc6 3. Bb5 Nf6 4. O-O Nxe4 5. Re1 Nd6 6. Nxe5 Be7 7. Bf1 Nxe5 8. Rxe5 O-O 9. d4 Ne8 10. c3 d5 11. Re1 c6 12. Bf4 Bd6 13. Bxd6 Nxd6 14. Bd3 Bf5 15. Bxf5 Nxf5 16. Nd2 Re8 17. Qb3 Nd6 18. h3 Qd7 19. Nf3 f6 20. Qc2 Re4 21.
Nd2 Ree8 22. Nf3 Qf5 23. Qxf5 Nxf5 24. Rxe8+ Rxe8 25. Re1 Rxe1+ 26. Nxe1 h5 27. g4 Nd6 28. Nd3 h4 29. f3 g5 30. Kf2 Kf7 31. f4 Ne4+ 32. Ke3 Ke7 33. fxg5 fxg5 34. Ne5 Ke6 35.
Nf3 Kf6 36. Ne5 Ke6 37. Nf3 a5 38. Nd2 Nd6 39. a4 b5 40. b3 Kd7 41. Kd3 Kc7 42. c4 dxc4+ 43. bxc4 bxc4+ 44. Nxc4 Nxc4 45. Kxc4 Kd6 46. Kc3 Ke6 47. Kc4 Kd6 48. Kc3 Ke6 49. Kc4 Kd6 1/2-1/2

[Event "Early-Titled-Tuesday-Blitz-March-19-2024"]
[Site "Chess.com"]
[Date "2024.03.19"]
[Round "6"]
[White "adotand"]
[Black "Arystanner"]
[Result "1-0"]
[WhiteElo "3006"]
[BlackElo "2837"]
[TimeControl "180+1"]
[EndTime "9:07:08 PDT"]
[Termination "adotand won by resignation"]

1. e4 e5 2. Nf3 Nc6 3. Bb5 a6 4. Ba4 Nf6 5. d3 Bc5 6. c3 O-O 7. Bg5 h6 8. Bh4 b5 9. Bb3 Be7 10. a4 Rb8 11. Bg3 d6 12. O-O Be6 13. Bxe6 fxe6 14.
Nbd2 b4 15. a5 bxc3 16. bxc3 Qd7 17. Nc4 Rb5 18. Re1 Rfb8 19. Qc2 Nh5 20. d4 Nxg3 21. hxg3 exd4 22. cxd4 Bf6 23. e5 dxe5 24. dxe5 Be7 25. Qg6 Bf8 26. Rad1 Qe8 27. Qc2 Rc5 28. Ra1 Rb4 29.
Nfd2 Qd7 30. Re4 Qd5 31. Qc3 Be7 32. Rc1 Bg5 33. f4 Be7 34. Kh2 Qd7 35. Rf1 Qe8 36. Qf3 Rd5 37. Qg4 Nd4 38. Ne3 Rd8 39. Ndc4 Qf7 40. f5 exf5 41. Nxf5 Nxf5 42. Rxf5 Qe6 43. Rf8+ 1-0